 Dungeon Crawl Stone Soup version 0.22-a0-247-gbddf880757 (webtiles) character file.

876 MirrMurr the Ducker (level 7, -1/35 HPs)
             Began as a Spriggan Berserker on Feb 23, 2018.
             Was a Priest of Trog.
             Slain by splatterpode's ghost (5 damage)
             ... on level 4 of the Dungeon.
             The game lasted 00:13:21 (6206 turns).

MirrMurr the Ducker (Spriggan Berserker)            Turns: 6206, Time: 00:13:22

Health: -1/35      AC:  8    Str: 15    XL:     7   Next: 74%
Magic:  0/8        EV: 23    Int: 14    God:    Trog [***...]
Gold:   257        SH:  0    Dex: 15    Spells: 6/6 levels left

rFire    . . .     SeeInvis +   a - +0 spear
rCold    . . .     Gourm    .   (shield restricted)
rNeg     . . .     Faith    .   v - +0 robe
rPois    .         Spirit   +   (helmet restricted)
rElec    .         Reflect  .   y - +1 cloak {+Inv}
rCorr    .         Harm     .   (gloves unavailable)
MR       +....                  (boots unavailable)
Stlth    +++.......             n - amulet of guardian spirit
HPRegen  0.11/turn              s - +5 ring of intelligence
MPRegen  0.11/turn              f - +4 ring of protection

@: lethally poisoned (-1 -> -8), very quick
A: very small, unfitting armour, see invisible, herbivore, speed 3, slow
metabolism 2
a: Berserk, Trog's Hand, Renounce Religion, Evoke Invisibility


You were on level 4 of the Dungeon.
You worshipped Trog.
Trog was most pleased with you.
You were not hungry.

You visited 1 branch of the dungeon, and saw 4 of its levels.

You collected 257 gold pieces.

Inventory:

Hand Weapons
 a - a +0 spear (weapon)
 q - a +0 blowgun
 w - a +1 dagger of venom
Missiles
 e - 176 stones (quivered)
 j - 38 bolts
 o - 24 poisoned needles
 t - 7 arrows
 u - 17 sling bullets
Armour
 v - a +0 robe (worn)
 y - a +1 cloak of invisibility (worn)
Jewellery
 b - an uncursed amulet of the acrobat
 f - a +4 ring of protection (right hand)
 n - an amulet of guardian spirit (around neck)
 s - a +5 ring of intelligence (left hand)
Scrolls
 c - a scroll of random uselessness {unknown}
 i - 4 scrolls of identify
 l - a scroll of magic mapping
 r - 5 scrolls of remove curse
Potions
 d - a potion of brilliance
 g - 2 potions of haste
 h - a potion of curing
 x - a potion of agility


   Skills:
 - Level 2.4 Fighting
 * Level 5.2 Polearms
 + Level 7.7 Dodging
 + Level 6.6 Stealth


You had 6 spell levels left.
You didn't know any spells.

Dungeon Overview and Level Annotations

Branches:
Dungeon (4/15)
 Temple: D:4-7

Altars:
Wu Jian
Xom

Annotations:
D:4 splatterpode's ghost, novice OpFi


Innate Abilities, Weirdness & Mutations

You are very small and have problems with some larger weapons.
You are too small for most types of armour.
You have supernaturally acute eyesight. (SInv)
You are a herbivore.
You cover ground extremely quickly.
You need consume almost no food.


Message History

Items here: $ ) ? [ † a club; a robe; a scroll of remove curse; 9 gold pieces; an orc corpse You hit splatterpode's ghost.
Splatterpode's ghost is lightly damaged.
Splatterpode's ghost hits you!
* * * LOW HITPOINT WARNING * * *
You closely miss splatterpode's ghost.
Splatterpode's ghost is lightly damaged.
Splatterpode's ghost hits you.
* * * LOW HITPOINT WARNING * * *
You are lethally poisoned!
You closely miss splatterpode's ghost.
Splatterpode's ghost is lightly damaged.
* * * LOW HITPOINT WARNING * * *
You feel sick.
You closely miss splatterpode's ghost.
Splatterpode's ghost is lightly damaged.
* * * LOW HITPOINT WARNING * * *
You feel sick. Splatterpode's ghost hits you.
You die...

###...###
#.#....
#.......#
#......
#.......#
#####.#
#.......# #..
###...### ###
#...# #. ###.#
## #)# #
#@#####... #
#W...o.... ####
#..####..o #...
#..# #.#. #..#
#..# #... #.##
######## ##..
######..#
#......## ###.
#......#.
#.#.....#######
###.####...


You could see splatterpode's ghost and an orc.

Vanquished Creatures
  Grinder (D:3)
  Sigmund (D:2)
  The ghost of Tabu the Firebug, an amateur DEFE (D:3)
  A howler monkey (D:4)
  An orc priest (D:4)
  An orc wizard (D:4)
  Crazy Yiuf (D:3)
  Terence (D:2)
  2 worker ants
  Natasha (twice) (D:3)
  A hound skeleton (D:4)
  11 adders
  An ooze (D:4)
  4 worms
  5 dart slugs
  3 leopard geckos
  3 orcs
  7 bats
  4 giant cockroaches
  4 goblins
  6 hobgoblins
  5 jackals
  2 quokkas
  4 ball pythons
  6 frilled lizards
  A jackal skeleton (D:4)
  11 kobolds
  12 rats
  A fungus (D:3)
103 creatures vanquished.

Vanquished Creatures (others)
  A hobgoblin (D:2)
1 creature vanquished.

Grand Total: 104 creatures vanquished

Notes
Turn   | Place    | Note
-------+----------+-------------------------------------------
     0 | D:1      | MirrMurr the Spriggan Berserker began the quest for the Orb.
     0 | D:1      | Reached XP level 1. HP: 11/11 MP: 2/2
   131 | D:1      | Reached skill level 1 in Stealth
   131 | D:1      | Reached XP level 2. HP: 8/16 MP: 3/3
  1084 | D:1      | Reached ** piety under Trog
  1084 | D:1      | Reached XP level 3. HP: 19/19 MP: 4/4
  1309 | D:2      | Noticed Sigmund
  1796 | D:1      | Reached skill level 5 in Dodging
  2115 | D:2      | Reached XP level 4. HP: 12/23 MP: 5/5
  2442 | D:2      | HP: 1/23 [dart slug/slug dart (6)]
  2775 | D:2      | Found a shimmering altar of Xom.
  3405 | D:2      | Found an ornate altar of the Wu Jian Council.
  3544 | D:2      | Noticed Terence
  3607 | D:2      | Killed Terence
  3610 | D:2      | Reached XP level 5. HP: 27/27 MP: 6/6
  3792 | D:2      | Killed Sigmund
  3792 | D:2      | Reached skill level 6 in Dodging
  3792 | D:2      | Reached XP level 6. HP: 32/32 MP: 7/7
  4057 | D:3      | Noticed Grinder
  4066 | D:3      | Killed Grinder
  4066 | D:3      | Reached skill level 5 in Stealth
  4121 | D:3      | Noticed Tabu's ghost (amateur DEFE)
  4147 | D:3      | Killed Tabu's ghost
  4147 | D:3      | Reached *** piety under Trog
  4147 | D:3      | Reached skill level 7 in Dodging
  4147 | D:3      | Reached XP level 7. HP: 27/35 MP: 6/8
  4532 | D:3      | Noticed Natasha
  4544 | D:3      | Killed Natasha
  4820 | D:3      | Noticed Natasha
  4837 | D:3      | Killed Natasha
  4914 | D:3      | Found a runed door.
  4918 | D:3      | Noticed Crazy Yiuf
  4928 | D:3      | Killed Crazy Yiuf
  5184 | D:4      | Noticed splatterpode's ghost (novice OpFi)
  5458 | D:4      | Reached skill level 5 in Polearms
  6206 | D:4      | Slain by splatterpode's ghost

Vault maps used:
D:1:      sevenhm_arrival_forest_fort_small_4
D:2:      overflow_temple_1_default, first_ration, xom_teletrap_fun,
          uniq_sigmund, uniq_terence
D:3:      uniq_grinder, uniq_natasha, uniq_crazy_yiuf_cottage

Skill      XL: |  1  2  3  4  5  6  7 |
---------------+----------------------+-----
Stealth        | 1 2 3 4 5 6 |  6.6
Dodging        | 5 6 7 |  7.7
Polearms       | 3 4 5 |  5.2
Fighting       | |  2.4

Action                   |  1- 3 |  4- 6 |  7- 9 || total
-------------------------+-------+-------+-------++-------
Melee: Spear             |   167 |   186 |   271 ||   624
       Dagger            |     6 |       |       ||     6
Throw: Stone             |     1 |       |       ||     1
Invok: Berserk           |       |     3 |     2 ||     5
       Trog's Hand       |       |     1 |       ||     1
  Use: Scroll            |     3 |     3 |     7 ||    13
       Potion            |       |       |     1 ||     1
 Stab: Sleeping          |     9 |     3 |     6 ||    18
       Distracted        |       |     1 |       ||     1
  Eat: Ration            |       |     3 |     2 ||     5
Armor: Animal skin       |    17 |    10 |       ||    27
       Robe              |       |       |    16 ||    16
Dodge: Dodged            |   100 |   124 |   142 ||   366

Table legend:
 A = Spawn XP
 B = Non-spawn XP
 C = Spawn XP percentage of total XP
 D = Spawn monster count
 E = Non-spawn monster count
 F = Spawn count percentage of total count
 G = Total turns spent on level
                    A         B        C        D         E        F      G
               +---------+---------+-------+---------+---------+-------+---------
         Total |       0 |    1252 |   0.0 |       0 |     103 |   0.0 |  6206
               +---------+---------+-------+---------+---------+-------+---------
           D:1 |       0 |      57 |   0.0 |       0 |      25 |   0.0 |  2007
           D:2 |       0 |     377 |   0.0 |       0 |      32 |   0.0 |  1868
           D:3 |       0 |     539 |   0.0 |       0 |      27 |   0.0 |  1323
           D:4 |       0 |     279 |   0.0 |       0 |      19 |   0.0 |  1008
               +---------+---------+-------+---------+---------+-------+---------
